 Dungeon Crawl Stone Soup version 0.29.0-7-g18a832c13a (webtiles) character file.

Game seed: 14453594595683433002

130 styxcanada the Covert (level 4, 0/25 HPs)
             Began as a Spriggan Brigand on Aug 31, 2022.
             Succumbed to Ijyb's poison
             ... on level 3 of the Dungeon.
             The game lasted 00:08:53 (2483 turns).

styxcanada the Covert (Spriggan Brigand)            Turns: 2483, Time: 00:08:54

Health: 0/25       AC:  3    Str:  7    XL:     4   Next: 90%
Magic:  4/4        EV: 17    Int: 10    God:
Gold:   113        SH:  0    Dex: 18    Spells: 3/3 levels left

rFire   + . .      SeeInvis +   g - +2 dagger (drain)
rCold   . . .      Faith    .   (no shield)
rNeg    . . .      Spirit   .   b - +0 robe
rPois   .          Reflect  .   (helmet restricted)
rElec   .          Harm     .   c - +0 cloak
rCorr   .          Rampage  .   (gloves unavailable)
Will    .....                   (boots unavailable)
Stlth   ++++......              (no amulet)
HPRegen 0.08/turn               t - ring of protection from fire
MPRegen 0.09/turn               (no ring)

@: lethally poisoned (0 -> -5), invisible, very quick
A: very small, no large weapons, unfitting armour, see invisible, speed 3, dopey
1, low MP 1, robust 1
a: no special abilities


You were on level 3 of the Dungeon.
You visited 1 branch of the dungeon, and saw 3 of its levels.

You collected 113 gold pieces.

Inventory:

Hand Weapons
 a - a +2 dagger
 g - a +2 dagger of draining (weapon)
Missiles
 d - 3 poisoned darts (quivered)
 e - 3 curare-tipped darts
 i - 34 stones
 o - 2 atropa-tipped darts
 r - 6 boomerangs of dispersal
Armour
 b - a +0 robe (worn)
 c - a +0 cloak (worn)
Jewellery
 t - a ring of protection from fire (left hand)
 u - an amulet of faith
Scrolls
 f - a scroll of enchant weapon {unknown}
 h - 2 scrolls of blinking {unknown}
 k - a scroll of identify {unknown}
 l - 2 scrolls of teleportation {unknown}
 p - 2 scrolls of fog {unknown}
 q - a scroll of fear {unknown}
Potions
 j - a potion of degeneration {unknown}
 m - a potion of invisibility
 n - 2 potions of mutation
 s - a potion of magic {unknown}
 v - 2 potions of curing {unknown}


   Skills:
 * Level 1.8 Fighting
 + Level 2.7 Short Blades
 + Level 2.1 Throwing
 * Level 2.6 Dodging
 * Level 8.4 Stealth


You had 3 spell levels left.
You didn't know any spells.
Your spell library was empty.

Dungeon Overview and Level Annotations

Branches:
Dungeon (3/15)

Altars:

Annotations:
D:3 Ijyb


Innate Abilities, Weirdness & Mutations

You are very small and have problems with some larger weapons.
You are too small for most types of armour.
You have supernaturally acute eyesight. (SInv)
You cover ground extremely quickly. (Speed+++)
You are dopey. (Int -2)
Your magical capacity is low. (-10% MP)
You are robust. (+10% HP)


Message History

Ijyb zaps a wand.
You easily resist.
You hit Ijyb but do no damage. You drain Ijyb.
Ijyb is lightly wounded.
Ijyb hits you with a +2 dagger of venom.
You are poisoned.
You feel sick.
Throw: 5 darts (poison)
Press: ? - help, Q - select action, (/) - cycle Shift-Dir - straight line, f - Ijyb
Aim: Ijyb, wielding a +2 dagger of venom, wearing a +0 ring mail and carrying a wand of charming (7) (lightly wounded, heavily drained, 58% to hit)
You throw a poisoned dart. The poisoned dart closely misses Ijyb.
You feel sick.
Ijyb hits you with a +2 dagger of venom.
You are lethally poisoned!
You feel very sick.
You feel sick.
Ijyb zaps a wand.
You easily resist.
Things that are here:
a +0 short sword; a +0 chain mail You feel sick.
Throw: 4 darts (poison)
Press: ? - help, Q - select action, (/) - cycle Shift-Dir - straight line, f/p - Ijyb
Aim: Ijyb, wielding a +2 dagger of venom, wearing a +0 ring mail and carrying a wand of charming (6) (lightly wounded, heavily drained, 58% to hit)
You throw a poisoned dart. The poisoned dart hits Ijyb.
Ijyb is lightly wounded.
* * * LOW HITPOINT WARNING * * *
You feel very sick.
* * * LOW HITPOINT WARNING * * *
You feel sick.
* * * LOW HITPOINT WARNING * * *
You feel sick.
* * * LOW HITPOINT WARNING * * *
You feel sick.
* * * LOW HITPOINT WARNING * * *
You feel sick.
It was a potion of mutation.
You feel extremely strange.
You feel stupid.
You feel robust.
You feel less energetic.
* * * LOW HITPOINT WARNING * * *
You feel sick.
It was a potion of invisibility.
You fade into invisibility!
You die...

....#.....#...#.........#####
......#.#...#...#.......#
#...#........##.....###.#
.##........#[..###..# #.# ###
..#[...<..###..##.## #.# #..
#.........## #.....###.# #.#
##......g.#####.#..##.# #<#
##...)##..####.##.##.###.#
####..##@..#..##..#.....#
#...####...####....÷...
#(#....##### ##........
#.......# #.....####
.(###.....####....## # #.##
#.##.......#.## ..
.............## .##
#..####>.#...# #
#.####.##†#.###


You could see Ijyb (unable to see you, very drained).

Vanquished Creatures
  Terence (D:3)
  3 adders (D:2)
  2 worms
  5 orcs (D:3)
  4 ball pythons
  7 endoplasms
  3 giant cockroaches (D:2)
  5 goblins
  2 hobgoblins
  6 jackals
  4 quokkas
  7 bats
  3 frilled lizards
  4 kobolds
  7 rats
63 creatures vanquished.

Notes
Turn   | Place    | Note
-------+----------+-------------------------------------------
     0 | D:1      | styxcanada the Spriggan Brigand began the quest for the
                  | Orb.
     0 | D:1      | Reached XP level 1. HP: 10/10 MP: 2/2
    42 | D:1      | Reached skill level 6 in Stealth
   244 | D:1      | Reached XP level 2. HP: 14/14 MP: 3/3
   765 | D:1      | Found a faded altar of an unknown god.
   884 | D:2      | Reached skill level 7 in Stealth
   966 | D:2      | Reached XP level 3. HP: 18/18 MP: 4/4
  1462 | D:2      | Reached XP level 4. HP: 17/22 MP: 5/5
  1638 | D:3      | Reached skill level 8 in Stealth
  2463 | D:3      | Noticed Terence
  2465 | D:3      | Noticed Ijyb
  2466 | D:3      | Killed Terence
  2481 | D:3      | HP: 1/23 [poisoned by Ijyb]
  2482 | D:3      | Gained mutation: You are dopey. (Int -2) [potion of
                  | mutation]
  2482 | D:3      | Gained mutation: You are robust. (+10% HP) [potion of
                  | mutation]
  2482 | D:3      | Gained mutation: Your magical capacity is low. (-10% MP)
                  | [potion of mutation]
  2483 | D:3      | Succumbed to Ijyb's poison

Illustrated notes

Levels and vault maps discovered:
D:1:      psy_arrival_whirlpool, layout_basic, chequers_ecumenical_altar_twisty
D:2:      layout_basic
D:3:      cheibrodos_greedy_goblins, layout_rooms,
          nicolae_kite_square_tiling_tiny, minmay_circle_x, uniq_ijyb,
          uniq_terence

Skill      XL: |  1  2  3  4 |
---------------+-------------+-----
Stealth        | 6 7 8 |  8.4
Dodging        | 2 |  2.6
Fighting       | |  1.8
Short Blades   | |  2.7
Throwing       | |  2.1

Action                   |  1- 3 |  4- 6 || total
-------------------------+-------+-------++-------
Melee: Dagger            |    77 |    62 ||   139
Throw: Dart              |     2 |    16 ||    18
  Use: Potion            |       |     2 ||     2
 Stab: Sleeping          |    15 |     5 ||    20
Armor: Robe              |     9 |     4 ||    13
Dodge: Dodged            |    38 |    35 ||    73
